 Dungeon Crawl Stone Soup version 0.23.2-1-ga50397a (webtiles) character file.

Game seed: 5501404934428589834

508 funkygono the Magician (level 6, 0/32 HPs)
             Began as a Deep Elf Conjurer on May 8, 2019.
             Slain by a centaur skeleton (5 damage)
             ... on level 4 of the Dungeon.
             The game lasted 00:10:33 (3918 turns).

funkygono the Magician (Deep Elf Conjurer)          Turns: 3918, Time: 00:10:34

Health: 0/32       AC:  4    Str:  5    XL:     6   Next: 98%
Magic:  15/18      EV: 13    Int: 22    God:
Gold:   158        SH:  0    Dex: 15    Spells: 10/20 levels left

rFire    . . .     SeeInvis .   e - +3 quarterstaff (chaos)
rCold    . . .     Gourm    .   (shield currently unavailable)
rNeg     . . .     Faith    .   a - +0 robe
rPois    .         Spirit   .   (no helmet)
rElec    .         Reflect  .   i - +1 cloak
rCorr    .         Harm     .   (no gloves)
MR       .....                  (no boots)
Stlth    ++........             (no amulet)
HPRegen  0.10/turn              (no ring)
MPRegen  0.16/turn              (no ring)

@: no status effects
A: no striking features
a: no special abilities


You were on level 4 of the Dungeon.
You were not hungry.

You visited 1 branch of the dungeon, and saw 4 of its levels.

You collected 158 gold pieces.

Inventory:

Hand Weapons
 e - a +3 quarterstaff of chaos (weapon)
 f - a +1 dagger
Armour
 a - a +0 robe (worn)
 i - a +1 cloak (worn)
 l - a +0 leather armour
Scrolls
 h - a scroll of remove curse
Potions
 b - 2 potions of agility
 d - a potion of cancellation
 j - 2 potions of heal wounds {unknown}
 k - a potion of lignification
 n - a potion of haste {unknown}
 q - a potion of invisibility {unknown}
Comestibles
 c - 9 rations
 m - 6 chunks of flesh


   Skills:
 + Level 0.1 Fighting
 + Level 0.7 Staves
 + Level 2.9 Dodging
 + Level 3.3 Stealth
 + Level 7.6 Spellcasting
 + Level 6.4 Conjurations


You had 10 spell levels left.
You knew the following spells:

 Your Spells              Type           Power        Failure   Level  Hunger
a - Magic Dart            Conj           ####         1%          1    None
b - Searing Ray           Conj           #####.       1%          2    None
c - Dazzling Spray        Conj/Hex       ###...       6%          3    None
d - Iskenderun's Mystic   Conj           #####...     5%          4    ###....

Your spell library contained the following spells:

 Spells                   Type           Power        Failure   Level  Hunger
 Corona                   Hex            #......      8%          1    None
 Ensorcelled Hibernation  Hex/Ice        #.....       12%         2    None
 Force Lance              Conj/Tloc      ###.....     21%         4    ###....
 Fulminant Prism          Conj/Hex       ###.......   21%         4    ###....
 Confuse                  Hex            #.......     24%         3    None
 Tukima's Dance           Hex            #.......     24%         3    None


Dungeon Overview and Level Annotations

Branches:
Dungeon (4/15)
 Temple: D:4-7

Altars:
Elyvilon

Shops:
D:4 (


Message History

Something hits you.
* * * LOW HITPOINT WARNING * * *
The centaur skeleton misses you.
You sock the centaur skeleton!
The centaur skeleton is almost destroyed.
You hear some strange, mumbled words.
A magic dart appears from out of thin air!
The magic dart hits you.
* * * LOW HITPOINT WARNING * * *
The centaur skeleton closely misses you.
Something hits you but does no damage.
Casting: Magic Dart (safe; 1% risk of failure)
Confirm with . or Enter, or press ? or * to list all spells.
Aiming: Dazzling Spray (safe; 6% risk of failure)
Press: ? - help, Shift-Dir - straight line The spray of energy hits something.
The spray of energy hits the centaur skeleton.
The centaur skeleton is almost destroyed.
The centaur skeleton hits you.
You die...

.... #.....#......'
.....#.....#......#
.....#.....#......#
......'.....#......#
......#.....#......#
......#.....#......#
###'####'####......
.).......>....#
..........@....+
...........Z...#
.........รท....#
..............#
###......#'####
#......#....#
#......#....#
#......#....#
#......#...##


You could see a centaur skeleton.

Vanquished Creatures
  An ogre (D:4)
  A scorpion (D:4)
  A howler monkey (D:3)
  2 orc wizards (D:4)
  Crazy Yiuf (D:3)
  An iguana (D:4)
  2 hound skeletons (D:4)
  5 gnolls
  5 adders
  3 worms (D:2)
  5 dart slugs
  5 leopard geckos
  7 orcs
  4 ball pythons
  4 giant cockroaches
  6 goblins
  12 hobgoblins
  A jackal (D:2)
  A quokka (D:2)
  9 bats
  A frilled lizard (D:1)
  4 kobolds
  10 rats
91 creatures vanquished.

Notes
Turn   | Place    | Note
-------+----------+-------------------------------------------
     0 | D:1      | funkygono the Deep Elf Conjurer began the quest for the
                  | Orb.
     0 | D:1      | Reached XP level 1. HP: 10/10 MP: 6/6
   139 | D:1      | Reached XP level 2. HP: 15/15 MP: 5/8
   434 | D:1      | Learned a level 2 spell: Searing Ray
   491 | D:1      | Reached skill level 5 in Conjurations
   648 | D:1      | Reached XP level 3. HP: 19/19 MP: 5/9
   656 | D:1      | Learned a level 3 spell: Dazzling Spray
   972 | D:2      | Found a white marble altar of Elyvilon.
  1264 | D:2      | Reached skill level 4 in Spellcasting
  1457 | D:2      | Reached XP level 4. HP: 24/24 MP: 0/12
  1479 | D:2      | Learned a level 4 spell: Iskenderun's Mystic Blast
  2459 | D:3      | Reached skill level 5 in Spellcasting
  2464 | D:3      | Reached XP level 5. HP: 24/28 MP: 2/14
  2991 | D:3      | Found a runed translucent door.
  2992 | D:3      | Noticed Crazy Yiuf
  2999 | D:3      | Killed Crazy Yiuf
  2999 | D:3      | Reached skill level 6 in Spellcasting
  3025 | D:3      | HP: 1/28 [poisoned by Crazy Yiuf]
  3136 | D:4      | Found Ote Tuwn's Antique Weapon Shop.
  3199 | D:4      | Reached XP level 6. HP: 30/32 MP: 9/17
  3560 | D:4      | Reached skill level 7 in Spellcasting
  3918 | D:4      | Slain by a centaur skeleton

Skill      XL: |  1  2  3  4  5  6 |
---------------+-------------------+-----
Conjurations   | 5 6 |  6.4
Spellcasting   | 4 5 6 7 |  7.6
Stealth        | 3 |  3.3
Fighting       | |  0.1
Staves         | |  0.7
Dodging        | |  2.9

Action                   |  1- 3 |  4- 6 || total
-------------------------+-------+-------++-------
Melee: Dagger            |       |     3 ||     3
       Quarterstaff      |       |    10 ||    10
 Cast: Magic Dart        |    88 |    89 ||   177
       Searing Ray       |     1 |    14 ||    15
       Dazzling Spray    |       |     5 ||     5
  Use: Scroll            |     2 |     4 ||     6
       Potion            |       |     7 ||     7
  Eat: Chunk             |     1 |     8 ||     9
Armor: Robe              |     3 |    13 ||    16
Dodge: Dodged            |    19 |    30 ||    49
